 Dungeon Crawl Stone Soup version 0.19.5 (webtiles) character file.

71 Monsterracer the Chucker (level 4, -2/44 HPs)
             Began as an Ogre Hunter on May 1, 2017.
             Killed from afar by Sigmund (8 damage)
             ... with a magic dart
             ... on level 2 of the Dungeon.
             The game lasted 00:08:33 (2686 turns).

Monsterracer the Chucker (Ogre Hunter)              Turns: 2686, Time: 00:08:33

Health: -2/44      AC:  3    Str: 17    XL:     4   Next: 24%
Magic:  4/4        EV: 10    Int: 11    God:
Gold:   198        SH:  0    Dex: 10    Spells: 0 memorised, 3 levels left

rFire  . . .     SeeInvis .     h - +0 club
rCold  . . .     Gourm    .     b - +0 robe
rNeg   . . .     Faith    .     (no shield)
rPois  .         Spirit   .     (helmet restricted)
rElec  .         Reflect  .     (no cloak)
rCorr  .         Harm     .     (gloves unavailable)
MR     .....                    (boots unavailable)
Stlth  +.........               (no amulet)
                                (no ring)
                                (no ring)

@: no status effects
A: unfitting armour, tough skin 1
a: no special abilities


You were on level 2 of the Dungeon.
You were hungry.

You visited 1 branch of the dungeon, and saw 2 of its levels.

You collected 198 gold pieces.

Inventory:

Hand Weapons
 h - a +0 club (weapon)
Missiles
 i - 34 stones (quivered)
Armour
 b - a +0 robe (worn)
Jewellery
 j - a +5 ring of evasion {unknown}
Scrolls
 a - 2 scrolls of random uselessness {unknown}
 e - a scroll of amnesia {unknown}
 g - a scroll of identify {unknown}
 k - a scroll of fog {unknown}
 m - a scroll of blinking {unknown}
Comestibles
 f - 2 bread rations


   Skills:
 - Level 2.6 Fighting
 * Level 3.6 Maces & Flails
 + Level 4.7 Throwing
 - Level 1.7 Dodging
 - Level 0.6 Stealth


You had 3 spell levels left.
You didn't know any spells.

Dungeon Overview and Level Annotations

Branches:
Dungeon (2/15)

Altars:
Makhleb

Annotations:
D:2 Sigmund


Innate Abilities, Weirdness & Mutations

You are too large for most types of armour.
You have tough skin. (AC +1)


Message History

Sigmund gestures at you while chanting. You resist with some effort.
You hit Sigmund.
Sigmund is heavily wounded.
Sigmund hits you with a scythe!
You closely miss Sigmund.
Sigmund is heavily wounded.
Sigmund mumbles some strange words.
Sigmund flickers and vanishes!
You barely miss something. Something hits you!
You barely miss something. Something hits you.
There is a stone staircase leading up here.
A magic dart appears from out of thin air!
The magic dart hits you! Something hits you!
* * * LOW HITPOINT WARNING * * *
There is a stone staircase leading up, spattered with blood here.
A magic dart appears from out of thin air!
The magic dart hits you!
You die...

2###.# ####)# _#3#'### .###...#
.#.....# ### .#.....#
#########.###########
.......######....#....#..........
.............................>###
.........####...@#.##.#.#.......#
.........# #....#.##.#.#..).##†#
.........# #....#.##.#.#.....#.#
####'########.......#.#.#.##..#.#
####'######......####.#.#<...<#.#
##....................#.####.##.#
##.............(.######.........#
##.............((...#############
####'######.....#...............)


There were no monsters in sight!

Vanquished Creatures
  2 adders (D:2)
  An ooze (D:2)
  4 dart slugs
  A ball python (D:2)
  2 giant cockroaches
  5 goblins
  3 hobgoblins
  2 jackals (D:2)
  6 kobolds
  A quokka (D:2)
  5 bats
  5 frilled lizards
  3 rats
  A fungus (D:1)
41 creatures vanquished.

Notes
Turn   | Place    | Note
-------+----------+-------------------------------------------
     0 | D:1      | Monsterracer the Ogre Hunter began the quest for the Orb.
     0 | D:1      | Reached XP level 1. HP: 22/22 MP: 1/1
   452 | D:1      | Reached skill level 1 in Maces & Flails
   452 | D:1      | Reached XP level 2. HP: 29/29 MP: 2/2
  1255 | D:2      | Reached XP level 3. HP: 23/36 MP: 3/3
  1734 | D:2      | Found a burning altar of Makhleb.
  1792 | D:2      | Noticed a blizzard demon
  1796 | D:2      | Noticed a ynoxinul
  1796 | D:2      | Noticed a neqoxec
  1917 | D:2      | Reached XP level 4. HP: 35/44 MP: 4/4
  2132 | D:2      | Noticed Sigmund
  2686 | D:2      | Killed from afar by Sigmund

Skill      XL: |  1  2  3 |
---------------+----------+-----
Maces & Flails | 1 2 3 |  3.6
Fighting       | |  2.6
Throwing       | |  4.7
Dodging        | |  1.7
Stealth        | |  0.6

Action                   |  1- 3 |  4- 6 || total
-------------------------+-------+-------++-------
Melee: Club              |   127 |    27 ||   154
       Short sword       |     7 |       ||     7
Throw: Large rock        |    18 |     7 ||    25
       Stone             |    39 |    11 ||    50
       Throwing net      |       |     2 ||     2
  Use: Potion            |     1 |       ||     1
 Stab: Sleeping          |     1 |       ||     1
  Eat: Chunk             |     3 |     2 ||     5
Armor: Robe              |    38 |    11 ||    49
Dodge: Dodged            |    89 |    15 ||   104
